 Dungeon Crawl Stone Soup version 0.30-a0-50-gb2d611f6b1 (webtiles) character file.

Game seed: 14487690696628346289

57 gruber the Grave Robber (level 3, 0/19 HPs)
             Began as a Deep Elf Necromancer on Sept 4, 2022.
             Slain by Natasha (7 damage)
             ... on level 2 of the Dungeon.
             The game lasted 00:00:56 (1231 turns).

gruber the Grave Robber (Deep Elf Necromancer)      Turns: 1231, Time: 00:00:56

Health: 0/19       AC:  3    Str:  5    XL:     3   Next: 73%
Magic:  4/10       EV: 12    Int: 21    God:
Gold:   32         SH:  0    Dex: 15    Spells: 8/9 levels left

rFire   . . .      SeeInvis .    j - +1 short sword (venom)
rCold   . . .      Faith    .    (no shield)
rNeg    . . .      Spirit   .    a - +0 robe
rPois   .          Reflect  .    (no helmet)
rElec   .          Harm     .    (no cloak)
rCorr   .          Rampage  .    h - +0 pair of gloves
Will    .....                    (no boots)
Stlth   ++........               (no amulet)
HPRegen 0.06/turn                (no ring)
MPRegen 0.12/turn                (no ring)

@: no status effects
A: no striking features
a: no special abilities


You were on level 2 of the Dungeon.
You visited 1 branch of the dungeon, and saw 2 of its levels.

You collected 32 gold pieces.

Inventory:

Hand Weapons
 j - a +1 short sword of venom (weapon)
Armour
 a - a +0 robe (worn)
 h - a +0 pair of gloves (worn)
Scrolls
 d - 2 scrolls of identify {unknown}
 e - a scroll of blinking {unknown}
 i - a scroll of butterflies {unknown}
Potions
 b - a potion of magic
 c - a potion of ambrosia {unknown}
 f - 2 potions of curing {unknown}
 g - a potion of attraction {unknown}


   Skills:
 - Level 2.4 Dodging
 - Level 2.4 Stealth
 + Level 3.9 Spellcasting
 * Level 6.1 Necromancy


You had 8 spell levels left.
You knew the following spells:

 Your Spells              Type           Power      Damage    Failure   Level
a - Necrotise             Necr           100%       1d9       1%          1

Your spell library contained the following spells:

 Spells                   Type           Power      Damage    Failure   Level
 Vampiric Draining        Necr           30%        2d8       3%          3
 Animate Dead             Necr           30%        N/A       10%         4
 Agony                    Necr           30%        N/A       26%         5


Dungeon Overview and Level Annotations

Branches:
Dungeon (2/15)

Altars:

Annotations:
D:2 Natasha


Message History

Natasha writhes in agony.
A jackal comes into view.
Natasha casts a spell at you. The magic dart hits you.
Casting: Necrotise (safe; 1% risk of failure)
Confirm with . or Enter, or press ? or * to list all spells.
Aiming: Necrotise (safe; 1% risk of failure)
Press: ? - help, Shift-Dir - straight line, f/p - Natasha
Aim: Natasha (severely wounded, chance to affect: 83%) Jessica writhes in agony!
The jackal barks!
You hear a bark!
Jessica closely misses you.
Unknown command.
Casting: Necrotise (safe; 1% risk of failure)
Confirm with . or Enter, or press ? or * to list all spells.
Aiming: Necrotise (safe; 1% risk of failure)
Press: ? - help, Shift-Dir - straight line, f/p - Natasha
Aim: Natasha (severely wounded, chance to affect: 83%) Jessica writhes in agony!
You kill Jessica!
The dead are walking!
The jackal closely misses you.
Your Necromancy skill increases to level 6!
Unknown command.
Casting: Necrotise (safe; 1% risk of failure)
Confirm with . or Enter, or press ? or * to list all spells.
Aiming: Necrotise (safe; 1% risk of failure)
Press: ? - help, Shift-Dir - straight line, f/p - Natasha
Aim: Natasha (severely wounded, ally target, chance to affect: 83%)
The jackal writhes in agony.
You kill the jackal!
The dead are walking!
Unknown command.
Unknown command.
Casting: Necrotise (safe; 1% risk of failure)
Confirm with . or Enter, or press ? or * to list all spells.
Aiming: Necrotise (safe; 1% risk of failure)
Press: ? - help, Shift-Dir - straight line, f/p - Natasha
Aim: Natasha (severely wounded, ally target, chance to affect: 83%) Natasha writhes in agony.
Natasha claws you!
You die...

...####.# #.#
.. #.# #.#
.....^#
....###.####.#
......#
....'........#
......#
....###.###..#
......# .. #.#
#..# ......#
#.# #..#
.Z....# #.#
#..#####......#
...
#....Z@hh.....#
..#
#.#...##......#
... #.#...#
#+##).. #.#...#
. #.#...#
#.#....
#.(.....
####.##.#


You could see Natasha (ally target), a jackal, a friendly jackal skeleton and
the friendly Jessica the human skeleton.

Vanquished Creatures
  Jessica (D:2)
  3 dart slugs (D:1)
  2 ball pythons (D:2)
  3 bats
  2 endoplasms (D:1)
  2 giant cockroaches (D:1)
  A hobgoblin (D:1)
  A jackal (D:2)
  3 quokkas (D:1)
  2 kobolds (D:2)
  4 rats (D:1)
24 creatures vanquished.

Vanquished Creatures (collateral kills)
  A goblin (D:1)
1 creature vanquished.

Grand Total: 25 creatures vanquished

Notes
Turn   | Place    | Note
-------+----------+-------------------------------------------
     0 | D:1      | gruber the Deep Elf Necromancer began the quest for the
                  | Orb.
     0 | D:1      | Reached XP level 1. HP: 10/10 MP: 6/6
   148 | D:1      | Reached skill level 5 in Necromancy
   272 | D:1      | Found a faded altar of an unknown god.
   296 | D:1      | Reached XP level 2. HP: 15/15 MP: 4/8
  1163 | D:2      | Reached XP level 3. HP: 19/19 MP: 7/10
  1222 | D:2      | Noticed Jessica
  1223 | D:2      | Noticed Natasha
  1229 | D:2      | Killed Jessica
  1230 | D:2      | Reached skill level 6 in Necromancy
  1231 | D:2      | Slain by Natasha

Illustrated notes

Levels and vault maps discovered:
D:1:      dpeg_arrival_water_temple_mockup, layout_loops_ring,
          hellmonk_ecumenical_altar_defaced_shrine
D:2:      layout_basic, basic_altar, uniq_crazy_yiuf_cottage, uniq_jessica,
          uniq_natasha

Skill      XL: |  1  2  3 |
---------------+----------+-----
Necromancy     | 5 6 |  6.1
Dodging        | |  2.4
Stealth        | |  2.4
Spellcasting   | |  3.9

Action                   || total
-------------------------++-------
Melee: Short sword       ||     1
       Unarmed           ||     1
 Cast: Necrotise         ||    46
Armor: Robe              ||     1
Dodge: Dodged            ||     3

Table legend: (Time is in decaauts)
 A = Elapsed time spent in this place.
 B = Non-inter-level travel time spent in this place.
 C = Inter-level travel time spent in this place.
 D = Time resting spent in this place.
 E = Time spent auto-exploring this place.
 F = Levels seen in this place.
 G = Mean time per level.
                   A        B        C        D        E       F      G
               +--------+--------+--------+--------+--------+-----+--------+
         Total |   1230 |   1147 |     83 |      0 |   1022 |   2 |  615.0 |
       Dungeon |   1230 |   1147 |     83 |      0 |   1022 |   2 |  615.0 |
               +--------+--------+--------+--------+--------+-----+--------+

Top non-repeatable levels by time:
     D:1: 1115 daAuts
     D:2: 115 daAuts
